 Dungeon Crawl Stone Soup version 0.25.1-1-g288607f (webtiles) character file.

Game seed: 10534624026271992232

95 RonnieColeman the Firebug (level 4, -2/28 HPs)
             Began as an Octopode Fire Elementalist on Sept 12, 2020.
             Slain by Natasha (5 damage)
             ... on level 2 of the Dungeon.
             The game lasted 00:03:22 (1476 turns).

RonnieColeman the Firebug (OpFE)                    Turns: 1476, Time: 00:03:23

Health: -2/28      AC:  1    Str:  7    XL:     4   Next: 66%
Magic:  7/8        EV: 13    Int: 18    God:
Gold:   80         SH:  0    Dex: 12    Spells: 8/9 levels left

rFire    . . .     SeeInvis .   l - +0 short sword
rCold    . . .     Gourm    .   (no shield)
rNeg     . . .     Faith    .   (helmet restricted)
rPois    .         Spirit   .   (no amulet)
rElec    .         Reflect  .   (no ring)
rCorr    .         Harm     .   (no ring)
MR       .....                  (no ring)
Stlth    +++.......             (no ring)
HPRegen  0.09/turn              (no ring)
MPRegen  0.11/turn              (no ring)
                                (no ring)
                                (no ring)

@: lethally poisoned (-2 -> -4), stab, slowed, very slow
A: almost no armour, stealthy swim, amphibious, 8 rings, constrict 8, camouflage
1, gelatinous body 1
a: no special abilities


You were on level 2 of the Dungeon.
You were not hungry.

You visited 1 branch of the dungeon, and saw 2 of its levels.

You collected 80 gold pieces.

Inventory:

Hand Weapons
 e - a +0 dagger
 l - a +0 short sword (weapon)
Scrolls
 a - 3 scrolls of fog {unknown}
 f - a scroll of remove curse {unknown}
 i - a scroll of noise {unknown}
 j - a scroll of random uselessness {unknown}
Potions
 d - a potion of mutation {unknown}
 g - a potion of cancellation {unknown}
 k - a potion of curing {unknown}
 m - a potion of heal wounds {unknown}
 n - a potion of flight {unknown}
 o - a potion of degeneration {unknown}
Comestibles
 b - 4 rations
 h - 5 chunks of flesh


   Skills:
 + Level 1.5 Fighting
 - Level 2.0 Dodging
 - Level 2.6 Stealth
 * Level 3.1 Spellcasting
 + Level 2.0 Conjurations
 + Level 3.5 Fire Magic


You had 8 spell levels left.
You knew the following spells:

 Your Spells              Type           Power        Failure   Level  Hunger
a - Foxfire               Conj/Fire      ##..         4%          1    None

Your spell library contained the following spells:

 Spells                   Type           Power        Failure   Level  Hunger
 Conjure Flame            Conj/Fire      ##......     16%         3    ###....
 Inner Flame              Hex/Fire       #.......     24%         3    ###....
 Sticky Flame             Conj/Fire      ##......     45%         4    ####...
 Fireball                 Conj/Fire      ##........   80%         5    ######.


Dungeon Overview and Level Annotations

Branches:
Dungeon (2/15)

Altars:

Annotations:
D:2 Natasha


Innate Abilities, Weirdness & Mutations

You cannot wear most types of armour.
You are very stealthy in the water. (Stealth+)
You are amphibious.
You can wear up to eight rings at the same time.
You can use your tentacles to constrict eight enemies at once.
Your skin changes colour to match your surroundings (Stealth+).
Your rubbery body absorbs attacks. (AC +1, EV +1)


Message History

The adder is moderately wounded.
You constrict the adder. Natasha claws you. The adder closely misses you.
Natasha claws you. The adder bites you.
You are poisoned.
The adder poisons you!
You hit the adder.
The adder is severely wounded.
You constrict the adder.
You feel sick. The adder misses you. Natasha claws you!
* * * LOW HITPOINT WARNING * * *
The adder barely misses you. Natasha closely misses you.
You hit the adder.
You kill the adder!
You feel sick. Natasha misses you. The frilled lizard barely misses you.
It was a potion of stabbing.
You feel ready to backstab. Natasha completely misses you.
The frilled lizard bites you.
* * * LOW HITPOINT WARNING * * *
Natasha claws you.
You die...

. .....#....# #.#.
. .. ....#....# #.
. ... ...#....#####
# #.# ?.#....#...#
#.# #.#....#...#
#[######'##.......#
#.................#
#.............h...#
#............@l...#
#.#########.###...#
#.........#.#
...'...
#.#######.#.#
...#### ####.# #.#
...# .....### #.#
...# รท......# ..#
...# .......# ..#
..)# .......#


You could see Natasha and a frilled lizard.

Vanquished Creatures
  Natasha (D:2)
  2 adders (D:2)
  A worm (D:2)
  2 dart slugs
  3 leopard geckos
  3 giant cockroaches (D:2)
  5 goblins
  3 hobgoblins
  4 jackals (D:1)
  6 bats
  3 frilled lizards (D:1)
  4 kobolds
  4 rats
41 creatures vanquished.

Vanquished Creatures (others)
  38 foxfires
38 creatures vanquished.

Grand Total: 79 creatures vanquished

Notes
Turn   | Place    | Note
-------+----------+-------------------------------------------
     0 | D:1      | RonnieColeman the Octopode Fire Elementalist began the
                  | quest for the Orb.
     0 | D:1      | Reached XP level 1. HP: 11/11 MP: 3/3
   275 | D:1      | You fall into a shaft and drop 1 floor!
   292 | D:2      | Noticed Natasha
   308 | D:2      | Reached XP level 2. HP: 18/18 MP: 0/5
   608 | D:1      | Reached XP level 3. HP: 13/22 MP: 1/6
   686 | D:1      | Reached skill level 1 in Fighting
  1025 | D:2      | Killed Natasha
  1025 | D:2      | Reached XP level 4. HP: 19/28 MP: 3/8
  1465 | D:2      | Noticed Natasha
  1476 | D:2      | Slain by Natasha

Illustrated notes

Levels and vault maps discovered:
D:1:      erik_arrival_blinker_ship, layout_basic
D:2:      layout_basic, first_ration, uniq_natasha

Skill      XL: |  1  2  3  4 |
---------------+-------------+-----
Fighting       | 1 |  1.5
Spellcasting   | 3 |  3.1
Conjurations   | 2 |  2.0
Dodging        | |  2.0
Stealth        | |  2.6
Fire Magic     | |  3.5

Action                   |  1- 3 |  4- 6 || total
-------------------------+-------+-------++-------
Melee: Unarmed           |     8 |       ||     8
       Constrict         |    18 |     8 ||    26
       Dagger            |    45 |     4 ||    49
       Tentacles         |    11 |     4 ||    15
       Short sword       |       |    23 ||    23
 Cast: Foxfire           |    17 |     5 ||    22
  Use: Potion            |       |     1 ||     1
 Stab: Sleeping          |     4 |     3 ||     7
  Eat: Chunk             |       |     2 ||     2
Armor: Skin              |     5 |     1 ||     6
Dodge: Dodged            |    54 |    31 ||    85
